 Dungeon Crawl Stone Soup version 0.29-a0-330-g52719c12eb (webtiles) character file.

Game seed: 17864740708455046399

67 kae the Firebug (level 4, -12/25 HPs)
             Began as an Octopode Fire Elementalist on Apr 18, 2022.
             Mangled by Sigmund
             ... wielding a +0 scythe
              (20 damage)
             ... on level 2 of the Dungeon.
             The game lasted 00:00:53 (1756 turns).

kae the Firebug (Octopode Fire Elementalist)        Turns: 1756, Time: 00:00:54

Health: -12/25     AC:  1    Str:  7    XL:     4   Next: 16%
Magic:  7/7        EV: 13    Int: 19    God:
Gold:   110        SH:  0    Dex: 15    Spells: 1/7 levels left

rFire   . . .      SeeInvis .   h - +0 trident
rCold   . . .      Faith    .   j - +1 buckler of Kikubaaqudgha's Esteem {*Slow Regen+ rCorr Dex+3}
rNeg    . . .      Spirit   .   (helmet restricted)
rPois   .          Reflect  .   l - amulet of magic regeneration
rElec   .          Harm     .   (no ring)
rCorr   +          Rampage  .   (no ring)
Will    .....                   (no ring)
Stlth   ++........              (no ring)
HPRegen 0.88/turn               (no ring)
MPRegen 0.50/turn               (no ring)
                                (no ring)
                                (no ring)

@: confused, brilliant, on berserk cooldown, attractive, slowed, very slow
A: almost no armour, amphibious, 8 rings, camouflage 1, gelatinous body 1,
(nimble swimmer 1), tentacles, frail 1
a: no special abilities


You were on level 2 of the Dungeon.
You visited 1 branch of the dungeon, and saw 2 of its levels.

You collected 110 gold pieces.

Inventory:

Hand Weapons
 h - a +0 trident (weapon)
Armour
 j - the +1 buckler of Kikubaaqudgha's Esteem (worn) {*Slow Regen+ rCorr Dex+3}
   (You found it on level 2 of the Dungeon)

   Dex:       It affects your dexterity (+3).
   Regen:     It increases your rate of health regeneration.
   rCorr:     It protects you from acid and corrosion.
   *Slow:     It may slow you when you take damage.
Jewellery
 l - an amulet of magic regeneration (around mantle)
Scrolls
 b - 3 scrolls of identify {unknown}
 c - a scroll of fog {unknown}
 g - a scroll of blinking {unknown}
 m - a scroll of teleportation {unknown}
 n - a scroll of enchant weapon {unknown}
Potions
 a - a potion of magic
 d - a potion of attraction


   Skills:
 + Level 1.1 Fighting
 + Level 2.4 Dodging
 + Level 3.3 Stealth
 + Level 0.5 Shields
 + Level 2.2 Spellcasting
 + Level 1.4 Conjurations
 * Level 3.6 Fire Magic


You had one spell level left.
You knew the following spells:

 Your Spells              Type           Power      Damage    Failure   Level
a - Foxfire               Conj/Fire      68%        2x1d7     8%          1
b - Scorch                Fire           48%        2d7       8%          2
c - Conjure Flame         Conj/Fire      17%        6-21      24%         3

Your spell library contained the following spells:

 Spells                   Type           Power      Damage    Failure   Level
 Animate Skeleton         Necr           6%         N/A       22%         1
 Apportation              Tloc           6%         N/A       22%         1
 Summon Small Mammal      Summ           12%        N/A       22%         1
 Inner Flame              Hex/Fire       13%        N/A       32%         3
 Tukima's Dance           Hex            3%         N/A       56%         3
 Flame Wave               Conj/Fire      17%        2d6       61%         4
 Passage of Golubria      Tloc           3%         N/A       92%         4
 Yara's Violent Unravell  Hex/Tmut       1%         3d3       99%         5


Dungeon Overview and Level Annotations

Branches:
Dungeon (2/15)

Altars:

Annotations:
D:2 Sigmund


Innate Abilities, Weirdness & Mutations

You cannot wear most types of armour.
You are amphibious.
You can wear up to eight rings at the same time.
Your skin changes colour to match your surroundings (Stealth+).
Your rubbery body absorbs attacks. (AC +1, EV +1)
((You are camouflaged when in or above water. (Stealth+)))
You have tentacles for arms and can constrict up to eight enemies at once.
You are frail. (-10% HP)


Message History

Something completely misses you.
It was a potion of mutation.
You feel extremely strange.
You feel frail.
It was a potion of curing.
You feel better. Something hits you.
Casting: Foxfire (safe; 8% risk of failure)
Confirm with . or Enter, or press ? or * to list all spells.
You feel a surge of power!
You conjure some foxfire!
Something hits you.
The foxfire hits something but does no damage.
The foxfire hits something.
Casting: Foxfire (safe; 8% risk of failure)
Confirm with . or Enter, or press ? or * to list all spells.
You feel a surge of power!
You conjure some foxfire!
Something hits you.
The foxfire hits something.
The foxfire hits something but does no damage.
Casting: Foxfire (safe; 8% risk of failure)
Confirm with . or Enter, or press ? or * to list all spells.
You feel a surge of power!
You conjure some foxfire!
You hear some strange, mumbled words.
You are confused.
The foxfire hits something.
The foxfire hits something but does no damage.
You hear some strange, mumbled words.
Something tries to affect you, but you resist.
You're too confused to cast spells.
You're too confused to cast spells.
You're too confused to cast spells.
It was a potion of berserk rage.
A red film seems to cover your vision as you go berserk!
You feel yourself moving faster!
You feel mighty! Something barely misses you.
You bump into the rock wall.
You feel a strong urge to attack something.
You bump into the rock wall.
Something hits you!!
* * * LOW HITPOINT WARNING * * *
You're too confused to move!
You feel your anger nearly subside.
You are no longer berserk.
You are exhausted.
You feel yourself slow down. Something hits you!!
Ouch! That really hurt!
You die...

####.#####.#######
........†........#
..#..#####.#####.#
.....# ### #.#
..#.## #.# #.#.#
#.# ....# #.#
#.### #.# .# #@##
#..# #...{..#
#.##.#.# #. ..#.#
# #.# # ..# ..<
.##


There were no monsters in sight!

Vanquished Creatures
  3 adders (D:2)
  A worm (D:2)
  3 endoplasms
  2 giant cockroaches
  7 hobgoblins
  3 quokkas (D:2)
  A ball python (D:1)
  2 bats (D:1)
  5 goblins (D:2)
  2 kobolds
  6 rats
35 creatures vanquished.

Vanquished Creatures (others)
  121 foxfires
121 creatures vanquished.

Grand Total: 156 creatures vanquished

Notes
Turn   | Place    | Note
-------+----------+-------------------------------------------
     0 | D:1      | kae the Octopode Fire Elementalist began the quest for the
                  | Orb.
     0 | D:1      | Reached XP level 1. HP: 11/11 MP: 3/3
   212 | D:1      | Found a faded altar of an unknown god.
   354 | D:1      | Reached XP level 2. HP: 17/17 MP: 0/5
  1162 | D:2      | Identified the +1 buckler of Kikubaaqudgha's Esteem {*Slow
                  | Regen+ rCorr Dex+3}
  1237 | D:2      | Reached XP level 3. HP: 20/22 MP: 1/6
  1421 | D:2      | Learned a level 2 spell: Scorch
  1425 | D:2      | Learned a level 3 spell: Conjure Flame
  1610 | D:2      | Reached skill level 1 in Fighting
  1610 | D:2      | Reached XP level 4. HP: 25/28 MP: 7/7
  1731 | D:2      | Noticed Sigmund
  1744 | D:2      | Gained mutation: You are frail. (-10% HP) [potion of
                  | mutation]
  1756 | D:2      | Mangled by Sigmund

Illustrated notes

Levels and vault maps discovered:
D:1:      wheals_arrival_shading, layout_loops_ring,
          dreamdust_ecumenical_altar_angels_and_demons
D:2:      layout_loops_cross, uniq_sigmund

Skill      XL: |  1  2  3 |
---------------+----------+-----
Stealth        | 3 |  3.3
Fighting       | 1 |  1.1
Dodging        | |  2.4
Shields        | |  0.5
Spellcasting   | |  2.2
Conjurations   | |  1.4
Fire Magic     | |  3.6

Action                   |  1- 3 |  4- 6 || total
-------------------------+-------+-------++-------
Melee: Unarmed           |    11 |       ||    11
       Constrict         |     6 |       ||     6
       Tentacles         |     2 |       ||     2
       Trident           |    15 |       ||    15
 Cast: Foxfire           |    61 |    17 ||    78
  Use: Potion            |       |     5 ||     5
 Stab: Sleeping          |     1 |       ||     1
Armor: Skin              |     2 |       ||     2
Dodge: Dodged            |    24 |     2 ||    26
Block: Buckler           |     2 |       ||     2

Table legend: (Time is in decaauts)
 A = Elapsed time spent in this place.
 B = Non-inter-level travel time spent in this place.
 C = Inter-level travel time spent in this place.
 D = Time resting spent in this place.
 E = Time spent auto-exploring this place.
 F = Levels seen in this place.
 G = Mean time per level.
                   A        B        C        D        E       F      G
               +--------+--------+--------+--------+--------+-----+--------+
         Total |   1759 |   1747 |     12 |      0 |   1444 |   2 |  879.5 |
       Dungeon |   1759 |   1747 |     12 |      0 |   1444 |   2 |  879.5 |
               +--------+--------+--------+--------+--------+-----+--------+

Top non-repeatable levels by time:
     D:1: 1115 daAuts
     D:2: 644 daAuts
